 Dungeon Crawl Stone Soup version 0.30-a0-341-g682706514a (webtiles) character file.

Game seed: 11545592017808164557

39 Pooter the Chopper (level 3, 0/33 HPs)
             Began as a Minotaur Monk on Nov 1, 2022.
             Slain by a gnoll
             ... wielding a +0 club
              (6 damage)
             ... on level 2 of the Dungeon.
             The game lasted 00:04:23 (1136 turns).

Pooter the Chopper (Minotaur Monk)                  Turns: 1136, Time: 00:04:24

Health: 0/33       AC: 12    Str: 17    XL:     3   Next: 28%
Magic:  2/2        EV:  9    Int:  7    God:
Gold:   50         SH:  6    Dex: 12    Spells: 2/2 levels left

rFire   . . .      SeeInvis .    i - +1 short sword (protect)
rCold   . . .      Faith    .    d - +0 kite shield
rNeg    . . .      Spirit   .    e - +0 ring mail
rPois   .          Reflect  .    (helmet restricted)
rElec   .          Harm     .    (no cloak)
rCorr   .          Rampage  .    (no gloves)
Will    .....                    (no boots)
Stlth   +.........               (no amulet)
HPRegen 0.25/turn                (no ring)
MPRegen 0.08/turn                (no ring)

@: under a protective aura
A: horns 2, retaliatory headbutt
a: no special abilities


You were on level 2 of the Dungeon.
You visited 1 branch of the dungeon, and saw 2 of its levels.

You collected 50 gold pieces.

Inventory:

Hand Weapons
 a - a +0 hand axe
 i - a +1 short sword of protection (weapon)
   (You took it off a kobold on level 2 of the Dungeon)
Missiles
 Q - 3 stones (quivered)
Armour
 d - a +0 kite shield (worn)
   (You found it on level 1 of the Dungeon)
 e - a +0 ring mail (worn)
   (You found it on level 1 of the Dungeon)
Scrolls
 b - a scroll of fear
 h - a scroll of amnesia
 j - a scroll of blinking
Potions
 c - 2 potions of ambrosia
 f - a potion of berserk rage {unknown}
 g - a potion of haste {unknown}


   Skills:
 + Level 4.1 Fighting
 * Level 4.5 Axes
 + Level 3.7 Dodging
 - Level 1.5 Stealth
 + Level 0.0 Shields


You had 2 spell levels left.
You didn't know any spells.
Your spell library contained the following spells:

 Spells                   Type           Power      Damage    Failure   Level
 Dazzling Flash           Conj/Hex       0%         N/A       100%        3
 Iskenderun's Mystic Bla  Conj/Tloc      0%         2d3       100%        4
 Starburst                Conj/Fire      0%         6d3       100%        6


Dungeon Overview and Level Annotations

Branches:
Dungeon (2/15)

Altars:


Innate Abilities, Weirdness & Mutations

You have a pair of horns on your head.
You reflexively headbutt those who attack you in melee.


Message History

c - 2 potions of ambrosia (gained 1)
You open the door.
There is an open door here.
There is an open door here.
An endoplasm comes into view.
Found a scroll labelled CAEVEY YCHIHA.
Found a scale mail.
The endoplasm quivers.
You hit the endoplasm. You headbutt the endoplasm.
You kill the endoplasm!
A quokka comes into view.
A kobold comes into view.
It is wielding a +1 short sword of protection.
You see here a scroll labelled CAEVEY YCHIHA.
You block the quokka's attack.
You closely miss the quokka.
The kobold shouts!
The quokka barely misses you. You furiously retaliate!
You headbutt the quokka. The quokka completely misses you.
You hit the quokka. Your headbutt misses the quokka.
The quokka closely misses you. You furiously retaliate!
You headbutt the quokka!
You kill the quokka! 2 gnolls come into view.
Found 8 gold pieces.
The gnoll shouts! x2
You closely miss the kobold. You block the kobold's attack.
A gnoll comes into view. It is wielding a +0 club.
The kobold closely misses you. You furiously retaliate!
You headbutt the kobold!
You kill the kobold!
A dart slug comes into view.
The gnoll moves out of view.
Things that are here:
a +1 short sword of protection; 4 stones Your +1 short sword of protection hums with potential!
i - a +1 short sword of protection (weapon)
The gnoll shouts!
The gnoll hits you from afar with a +0 halberd.
Found a stone staircase leading down.
The gnoll hits you with a +0 halberd! The gnoll closely misses you.
You hit the gnoll.
Your weapon exudes an aura of protection.
The gnoll hits you from afar with a +0 halberd!
* * * LOW HITPOINT WARNING * * *
You block the gnoll's attack.
You barely miss the gnoll. The gnoll hits you with a +0 halberd.
* * * LOW HITPOINT WARNING * * *
The gnoll closely misses you. The gnoll hits you but does no damage.
The gnoll hits you with a +0 club.
You die...

♣♣#.# #.# ## ###.# #.#
.# #.#. ....# #.#
....... #..## #.# .#.#>#
#..# #.# .....
#..####### #.##.#.#.#
.........#####[#..g....
#...........?..(#g#.#.#.
#.#.####.......#@gw.....
#.#.# ########.#.#.#.#.
#.#.# #..... #.#.#
#.#.#.# #...# #.$.....
##### #########


You could see 3 gnolls and a dart slug.

Vanquished Creatures
  A dart slug (D:1)
  6 ball pythons (D:1)
  5 endoplasms
  A giant cockroach (D:1)
  4 hobgoblins (D:1)
  4 jackals (D:1)
  A quokka (D:2)
  3 bats (D:1)
  A frilled lizard (D:1)
  2 goblins (D:1)
  4 kobolds
  3 rats (D:1)
35 creatures vanquished.

Notes
Turn   | Place    | Note
-------+----------+-------------------------------------------
     0 | D:1      | Pooter the Minotaur Monk began the quest for the Orb.
     0 | D:1      | Reached XP level 1. HP: 19/19 MP: 0/0
   216 | D:1      | Reached XP level 2. HP: 21/27 MP: 1/1
   612 | D:1      | Reached XP level 3. HP: 29/33 MP: 2/2
  1136 | D:2      | Slain by a gnoll

Illustrated notes

Levels and vault maps discovered:
D:1:      wander_arrival_desolate, layout_loops_corners, st_stairs_12,
          minmay_misc_feat_rugged, amcnicky_mini_pool_small
D:2:      minmay_inner_zag, layout_loops_ring, st_stairs_10, chequers_arboretum,
          uniq_crazy_yiuf_cottage

Skill      XL: |  1  2 |
---------------+-------+-----
Axes           | 4 |  4.5
Fighting       | 4 |  4.1
Dodging        | |  3.7
Stealth        | |  1.5

Action                   || total
-------------------------++-------
Melee: Hand axe          ||    66
       Headbutt          ||    12
       Short sword       ||     2
  Use: Scroll            ||     3
 Stab: Sleeping          ||     1
Armor: Ring mail         ||    19
Dodge: Dodged            ||    47
Block: Kite shield       ||     3

Table legend: (Time is in decaauts)
 A = Elapsed time spent in this place.
 B = Non-inter-level travel time spent in this place.
 C = Inter-level travel time spent in this place.
 D = Time resting spent in this place.
 E = Time spent auto-exploring this place.
 F = Levels seen in this place.
 G = Mean time per level.
                   A        B        C        D        E       F      G
               +--------+--------+--------+--------+--------+-----+--------+
         Total |   1142 |   1101 |     41 |     31 |    799 |   2 |  571.0 |
       Dungeon |   1142 |   1101 |     41 |     31 |    799 |   2 |  571.0 |
               +--------+--------+--------+--------+--------+-----+--------+

Top non-repeatable levels by time:
     D:1: 1070 daAuts
     D:2: 72 daAuts
